 Dungeon Sprint DCSS version 0.16-a0-3940-gf8a207b (webtiles) character file.

8400 BluebellGnoll the Unseen (level 11, 0/60 HPs)
             Began as a Spriggan Enchanter on Feb 7, 2015.
             Was the Champion of Vehumet.
             Killed by divine providence
             ... invoked by a daeva
              (15 damage)
             ... in the Dungeon (Sprint I: "Red Sonja").
             The game lasted 00:11:09 (1273 turns).

BluebellGnoll the Unseen (Spriggan Enchanter)       Turns: 1273, Time: 00:11:09

Health: 0/60       AC:  3    Str:  4    XL:     11   Next: 9%
Magic:  21/32      EV: 31    Int: 20    God:    Vehumet [******]
Gold:   1236       SH:  0    Dex: 17    Spells: 7 memorised, 13 levels left

rFire  . . .     SeeInvis +     n - +0 dagger (venom)
rCold  . . .     Clarity  .     b - +1 robe
rNeg   . . .     SustAb   .     (shield restricted)
rPois  .         Gourm    .     (helmet restricted)
rElec  .         Spirit   .     (no cloak)
rCorr  .         Warding  .     (gloves unavailable)
rMut   .         NoTele   +     (boots unavailable)
MR     +....                    (no amulet)
Stlth  ++++......               (no ring)
                                (no ring)

@: glowing, very quick, somewhat resistant to hostile enchantments, stealthy
A: unfitting armour, see invisible, herbivore 3, speed 3, slow metabolism 2
a: Renounce Religion


You were in the Dungeon.
You worshipped Vehumet.
Vehumet was exalted by your worship.
You were not hungry.

You visited 1 branch You collected 1236 gold pieces.

Inventory:

Hand weapons
 a - a +1 dagger
 m - a +0 blowgun
 n - a +0 dagger of venom (weapon)
Missiles
 o - 10 curare-tipped needles
 p - a throwing net (quivered)
Armour
 b - a +1 robe (worn)
Magical devices
 l - a wand of teleportation (3)
Scrolls
 i - 2 scrolls of remove curse {unknown}
 j - 2 scrolls of blinking
Potions
 e - 3 potions of curing
 g - a potion of haste
 h - 2 potions of magic
Books
 c - a book of Maledictions

   Spells                             Type                      Level
   a - Corona                         Hexes                        1
   b - Sure Blade                     Hexes/Charms                 2
   c - Ensorcelled Hibernation        Hexes/Ice                    2
   d - Confuse                        Hexes                        3
   e - Dazzling Spray                 Conjuration/Hexes            3
   f - Enslavement                    Hexes                        4
 k - a Grand Grimoire {highlevel, unknown}

   This book is beyond your current level of understanding.

   Spells                             Type                      Level
   a - Aura of Abjuration             Summoning                    6
   b - Summon Greater Demon           Summoning                    7
   c - Malign Gateway                 Summoning/Translocation      7
   d - Summon Horrible Things         Summoning                    8
Comestibles
 d - a bread ration


   Skills:
 - Level 8.4 Fighting
 + Level 16.5 Short Blades
 - Level 15.5 Dodging
 - Level 19.5 Stealth
 - Level 9.5 Spellcasting
 - Level 7.5 Hexes


You had 13 spell levels left.
You knew the following spells:

 Your Spells              Type           Power        Failure   Level  Hunger
a - Corona                Hex            #####..      1%          1    None
b - Ensorcelled Hibernat  Hex/Ice        ###...       2%          2    None
c - Confuse               Hex            #####...     1%          3    None
d - Sure Blade            Hex/Chrm       ###.......   2%          2    None
e - Dazzling Spray        Conj/Hex       ###.....     1%          3    None
f - Enslavement           Hex            #####...     4%          4    ##.....
g - Shock                 Conj/Air       #...         2%          1    None


Dungeon Overview and Level Annotations

Branches:
Dungeon (1/1)

Altars:
Cheibriados
Dithmenos
Elyvilon
Fedhas
Gozag
Kikubaaqudgha
Makhleb
Nemelex Xobeh
Okawaru
Qazlal
Ru
Sif Muna
Trog
Vehumet
Xom
Yredelemnul
Zin
The Shining One
Jiyva

Shops:
D [[[

Annotations:
D exclusion: oklob plant


Innate Abilities, Weirdness & Mutations

You are tiny and cannot use many weapons and most armour.
You have supernaturally acute eyesight.
You are a herbivore.
You cover ground extremely quickly.
You need consume almost no food.


Message History

Welcome back, BluebellGnoll the Spriggan Enchanter.
Vehumet says: Let it end in hellfire!
Press ? for a list of commands and other information.
Cast which spell? (? or * to list)
Aiming: Dazzling Spray
Press: ? - help, Shift-Dir - straight line, f - unseen horror
Aim: an unseen horror (bewildered and confused, slightly transparent)
The spray of energy hits the unseen horror.
The unseen horror is lightly wounded.
The unseen horror is dazzled.
The spray of energy hits the unseen horror.
The unseen horror is lightly wounded.
The unseen horror is dazzled.
The unseen horror closely misses the unseen horror.
The unseen horror completely misses you. x2
The unseen horror hits the unseen horror!
The unseen horror hits the unseen horror but does no damage.
The daeva calls down the wrath of the Shining One upon you.
Something smites you!
You die...

##############################
...#..#..÷.'÷§÷§§§'÷.#§.'§$.§#
..§##'#§####.§§.÷##..+§^#$$§§##
[..§.§#.# ##§§§#######+#§§§§§#
####.§§§# ###§# $$## #$§§§§#
§.##+#### #§##$$$# ##$§§§#
..#§. #..###$# ###§## §§#..
##@#A#$# #(#### #+### #..###$#
##'#§.. #P+ #.##..$# ##.D.§§.
### #.x#+### #.§§§§^§ ∩# ##.xx#
#.§§§§.§ ## ###x# #....§§§§ x#
#..§..§.. .# ##.....§. +#
#$$$§$$$


You could see a daeva.

Vanquished Creatures
  A shadow dragon (D)
  A hydra (D)
  2 centaur warriors (D)
  A deep troll (D)
  A lindwurm (D)
  2 kobold demonologists (D)
  4 demonic crawlers (D)
  Sonja (D)
  A slime creature (D)
  A yak (D)
  13 hogs (D)
  A wasp (D)
  An ogre (D)
  Sigmund (D)
  A jelly (D)
  Ijyb (D)
  2 giant eyeballs (D)
  2 giant spores (D)
  2 ballistomycetes (D)
39 creatures vanquished.

Vanquished Creatures (others)
  A wasp (D)
1 creature vanquished.

Grand Total: 40 creatures vanquished

Notes
Turn   | Place    | Note
--------------------------------------------------------------
     0 | D        | BluebellGnoll, the Spriggan Enchanter, began the quest for the Orb.
     0 | D        | Reached XP level 1. HP: 9/9 MP: 4/4
     1 | D        | Noticed Ijyb
     6 | D        | Noticed an ogre
    10 | D        | Killed an ogre
    10 | D        | Reached skill level 8 in Stealth
    10 | D        | Reached XP level 2. HP: 13/13 MP: 5/10
    10 | D        | Reached XP level 3. HP: 16/16 MP: 6/13
    10 | D        | Reached XP level 4. HP: 21/21 MP: 7/16
    21 | D        | Killed Ijyb
    21 | D        | Reached skill level 9 in Stealth
    59 | D        | Learned a level 2 spell: Ensorcelled Hibernation
    63 | D        | Learned a level 3 spell: Confuse
    66 | D        | Learned a level 2 spell: Sure Blade
    70 | D        | Learned a level 3 spell: Dazzling Spray
    70 | D        | Noticed Sigmund
    73 | D        | Killed Sigmund
    73 | D        | Reached skill level 11 in Stealth
    73 | D        | Reached XP level 5. HP: 24/24 MP: 16/21
    85 | D        | Found a deep blue altar of Sif Muna.
    86 | D        | Noticed a jelly
    87 | D        | Found a radiant altar of Vehumet.
    91 | D        | Killed a jelly
    91 | D        | Reached skill level 12 in Stealth
   107 | D        | Found Smuofomm's Antique Armour Emporium.
   107 | D        | Found a white marble altar of Elyvilon.
   107 | D        | Found a stormy altar of Qazlal.
   107 | D        | Found a basalt altar of Yredelemnul.
   107 | D        | Found an iron altar of Okawaru.
   107 | D        | Found a sparkling altar of Nemelex Xobeh.
   107 | D        | Found a shimmering altar of Xom.
   107 | D        | Found an ancient bone altar of Kikubaaqudgha.
   107 | D        | Noticed a yak
   108 | D        | Found a burning altar of Makhleb.
   108 | D        | Found a sacrificial altar of Ru.
   108 | D        | Found a glowing golden altar of the Shining One.
   108 | D        | Found an opulent altar of Gozag.
   108 | D        | Found a glowing silver altar of Zin.
   109 | D        | Killed a yak
   109 | D        | Reached skill level 14 in Stealth
   109 | D        | Reached XP level 6. HP: 28/28 MP: 19/25
   111 | D        | Became a worshipper of Vehumet
   117 | D        | Learned a level 4 spell: Enslavement
   118 | D        | Found a bloodstained altar of Trog.
   133 | D        | Found a viscous altar of Jiyva.
   133 | D        | Found a blossoming altar of Fedhas.
   133 | D        | Noticed a slime creature
   134 | D        | Found a snail-covered altar of Cheibriados.
   134 | D        | Found a shadowy altar of Dithmenos.
   136 | D        | Killed a slime creature
   136 | D        | Reached skill level 10 in Dodging
   148 | D        | Noticed a kobold demonologist
   149 | D        | Noticed a kobold demonologist
   151 | D        | Reached XP level 7. HP: 32/32 MP: 27/27
   162 | D        | Killed a kobold demonologist
   162 | D        | Acquired Vehumet's first power
   162 | D        | Offered knowledge of Flame Tongue by Vehumet.
   168 | D        | Killed a kobold demonologist
   168 | D        | Reached skill level 10 in Short Blades
   168 | D        | Reached XP level 8. HP: 36/36 MP: 23/28
   177 | D        | Noticed a demonic crawler
   177 | D        | Noticed a demonic crawler
   177 | D        | Noticed a demonic crawler
   177 | D        | Noticed a demonic crawler
   179 | D        | Killed a demonic crawler
   179 | D        | Reached skill level 16 in Stealth
   180 | D        | Killed a demonic crawler
   180 | D        | Reached skill level 17 in Stealth
   182 | D        | Killed a demonic crawler
   182 | D        | Reached skill level 18 in Stealth
   183 | D        | Killed a demonic crawler
   183 | D        | Reached skill level 19 in Stealth
   183 | D        | Reached XP level 9. HP: 39/39 MP: 29/29
   202 | D        | Noticed a lindwurm
   205 | D        | Killed a lindwurm
   205 | D        | Acquired Vehumet's second power
   205 | D        | Reached skill level 5 in Fighting
   245 | D        | Noticed Sonja
   249 | D        | Killed Sonja
   267 | D        | Found Claugruss' Antique Armour Boutique.
   288 | D        | Noticed a deep troll
   293 | D        | Killed a deep troll
   315 | D        | Noticed a centaur warrior
   315 | D        | Noticed a centaur warrior
   333 | D        | Killed a centaur warrior
   335 | D        | Killed a centaur warrior
   335 | D        | Acquired Vehumet's third power
   335 | D        | Reached skill level 15 in Dodging
   335 | D        | Reached XP level 10. HP: 57/57 MP: 9/31
   341 | D        | Noticed a wasp
   344 | D        | Killed a wasp
   354 | D        | Noticed an oklob plant
   644 | D        | Found Mnac's Armour Emporium.
   824 | D        | Noticed a hog
   824 | D        | Noticed a hog
   824 | D        | Noticed a hog
   824 | D        | Noticed a hog
   824 | D        | Noticed a hog
   825 | D        | Noticed a hog
   825 | D        | Noticed a hog
   826 | D        | Killed a hog
   826 | D        | Offered knowledge of Shock by Vehumet.
   827 | D        | Noticed a hog
   827 | D        | Noticed a hog
   828 | D        | Killed a hog
   829 | D        | Killed a hog
   830 | D        | Noticed a hog
   830 | D        | Noticed a hog
   830 | D        | Noticed a hog
   830 | D        | Noticed a hog
   831 | D        | Killed a hog
   832 | D        | Killed a hog
   833 | D        | Killed a hog
   835 | D        | Killed a hog
   836 | D        | Killed a hog
   839 | D        | Killed a hog
   840 | D        | Killed a hog
   856 | D        | Killed a hog
   876 | D        | Killed a hog
   882 | D        | Killed a hog
   958 | D        | Learned a level 1 spell: Shock
   958 | D        | Noticed a 12-headed hydra
   960 | D        | Killed a 12-headed hydra
   960 | D        | Offered knowledge of Searing Ray by Vehumet.
  1036 | D        | Noticed a shadow dragon
  1036 | D        | Noticed a golden dragon
  1039 | D        | Killed a shadow dragon
  1039 | D        | Reached XP level 11. HP: 40/60 MP: 32/32
  1179 | D        | Killed a wasp
  1255 | D        | Noticed a daeva
  1258 | D        | Noticed an unseen horror
  1258 | D        | Noticed an unseen horror
  1258 | D        | Noticed an unseen horror
  1259 | D        | Noticed an unseen horror
  1263 | D        | Noticed an unseen horror
  1273 | D        | Killed from afar by a daeva

Action                   |  1- 3 |  4- 6 |  7- 9 | 10-12 || total
-------------------------+-------+-------+-------+-------++-------
Melee: Dagger            |     3 |    16 |    20 |    89 ||   128
 Cast: Sure Blade        |       |     1 |     3 |       ||     4
       Confuse           |       |       |    10 |     5 ||    15
       Dazzling Spray    |       |       |       |     3 ||     3
       Ensorcelled Hiber |       |       |       |     1 ||     1
  Use: Potion            |     1 |       |       |     2 ||     3
 Stab: Sleeping          |       |     5 |     7 |    13 ||    25
       Confused          |       |       |     5 |     1 ||     6
